 Dungeon Crawl Stone Soup version 0.28-a0-1518-gbe868bca14 (webtiles) character file.

Game seed: 15502927565695399292

393 croobank the Sneak (level 6, -2/36 HPs)
             Began as an Octopode Summoner on Jan 16, 2022.
             Was a Follower of Ashenzari.
             Splashed by a jelly's acid (5 damage)
             ... on level 5 of the Dungeon.
             The game lasted 00:16:52 (4309 turns).

croobank the Sneak (Octopode Summoner)              Turns: 4309, Time: 00:16:53

Health: -2/36      AC:  1    Str:  9    XL:     6   Next: 81%
Magic:  6/12       EV: 14    Int: 18    God:    Ashenzari [*.....]
Gold:   428        SH:  0    Dex: 12    Spells: 0/13 levels left

rFire   . . .      SeeInvis .   a - +1 flail of Supernal Understanding {vorpal, Range, Evo} (curse)
rCold   . . .      Faith    .   e - orb of the Soothsayer {guile, Evo, Self} (curse)
rNeg    . . .      Spirit   .   (helmet restricted)
rPois   .          Reflect  .   (no amulet)
rElec   .          Harm     .   (no ring)
rCorr   .          Rampage  .   (no ring)
Will    .....                   (no ring)
Stlth   ++++......              (no ring)
HPRegen 0.12/turn               (no ring)
MPRegen 0.13/turn               (no ring)
                                (no ring)
                                (no ring)

@: no status effects
A: almost no armour, amphibious, 8 rings, camouflage 1, gelatinous body 1,
(nimble swimmer 1), tentacles
a: Renounce Religion, Shatter the Chains


You were on level 5 of the Dungeon.
You worshipped Ashenzari.
Ashenzari was aware of your devotion.
You visited 1 branch of the dungeon, and saw 5 of its levels.

You collected 428 gold pieces.

Inventory:

Hand Weapons
 a - the cursed +1 flail of Supernal Understanding (weapon) {vorpal, Range, Evo}
   (You took it off a gnoll on level 3 of the Dungeon)

   It inflicts extra damage upon your enemies.
   It has a curse which improves the following skills: Ranged Combat: Slings,
   Bows, Crossbows and Throwing.
   Evocations: Evocations.
 b - a +0 hunting sling
 f - a +0 short sword
 o - a +0 broad axe
 w - a +0 hand axe
 z - a +0 trident
Missiles
 g - 130 stones
 l - 3 javelins (quivered)
 n - 13 poisoned darts
 r - 30 arrows
 y - 48 sling bullets
Armour
 e - the cursed orb of the Soothsayer (worn) {guile, Evo, Self}
   (You found it on level 1 of the Dungeon)

   It has a curse which improves the following skills: Evocations: Evocations.
   Introspection: Fighting and Spellcasting.
 m - a +0 buckler
Wands
 j - a wand of paralysis (7)
 v - a wand of flame (15)
Scrolls
 h - 4 scrolls of identify
 i - a scroll of fog
 p - 2 scrolls of noise
 q - a scroll of enchant weapon
 s - a scroll of fear
 t - a scroll of magic mapping
 A - a scroll of teleportation
Potions
 c - 2 potions of curing
 d - a potion of ambrosia
 u - 3 potions of flight
 x - 2 potions of mutation


   Skills:
 + Level 3.8 Dodging
 + Level 5.4 Stealth
 + Level 3.6(4.4) Spellcasting
 + Level 5.2 Summonings


You couldn't memorise any spells.
You knew the following spells:

 Your Spells              Type           Power      Damage    Failure   Level
a - Summon Small Mammal   Summ           88%        N/A       1%          1
b - Call Imp              Summ           22%        N/A       2%          2
c - Call Canine Familiar  Summ           22%        N/A       4%          3
d - Summon Guardian Gole  Hex/Summ       13%        N/A       14%         3
e - Slow                  Hex            12%        N/A       14%         1
f - Confusing Touch       Hex            3%         N/A       38%         3

Your spell library contained the following spells:

 Spells                   Type           Power      Damage    Failure   Level
 Static Discharge         Conj/Air       3%         N/A       22%         2
 Vampiric Draining        Necr           3%         2d6       38%         3
 Summon Lightning Spire   Summ/Air       13%        N/A       43%         4
 Dispel Undead            Necr           3%         3d7       80%         4
 Sticky Flame             Conj/Fire      3%         2d3       80%         4
 Yara's Violent Unravell  Hex/Tmut       1%         3d3       98%         5
 Enfeeble                 Hex            1%         N/A       100%        7


Dungeon Overview and Level Annotations

Branches:
Dungeon (5/15)
 Temple: D:4-7

Altars:
Ashenzari
Dithmenos
Makhleb
Xom
The Shining One


Innate Abilities, Weirdness & Mutations

You cannot wear most types of armour.
You are amphibious.
You can wear up to eight rings at the same time.
Your skin changes colour to match your surroundings (Stealth+).
Your rubbery body absorbs attacks. (AC +1, EV +1)
((You are camouflaged when in or above water. (Stealth+)))
You have tentacles for arms and can constrict up to eight enemies at once.


Message History

The white imp gestures at you. The puff of frost hits your hound!
Your crimson imp hits the centaur zombie.
The centaur zombie misses your bat. The centaur zombie kicks your bat.
You hit the jelly.
Your tentacles burn!
Your squeeze misses the jelly.
The jelly is lightly wounded.
Your bat hits the centaur zombie but does no damage.
Your bat hits the centaur zombie.
Your bat hits the centaur zombie but does no damage.
The white imp barely misses your hound.
Your hound barely misses the white imp.
The centaur zombie misses your bat. The centaur zombie kicks your bat.
Your crimson imp hits the centaur zombie.
Your bat hits the centaur zombie. The jelly hits you.
You are splashed with acid!
Your hound bites the white imp.
The white imp completely misses your hound.
The centaur zombie hits your bat.
Your bat dies!
Your bat's corpse disappears in a puff of smoke!
You hit the jelly.
Your tentacles burn!
You squeeze the jelly.
The jelly is heavily wounded.
Your hound misses the white imp. The jelly hits you.
You are splashed with acid!
* * * LOW HITPOINT WARNING * * *
The centaur zombie completely misses your crimson imp.
The centaur zombie closely misses your crimson imp.
The white imp gestures at you. The puff of frost hits your hound!
Your hound dies!
Your hound's corpse disappears in a puff of smoke!
The jelly closely misses you.
You hit the jelly.
Your tentacles burn!
* * * LOW HITPOINT WARNING * * *
The jelly is severely wounded.
Your crimson imp hits the white imp but does no damage.
An adder skeleton comes into view.
The centaur zombie hits you but does no damage.
The centaur zombie barely misses you. The jelly hits you.
* * * LOW HITPOINT WARNING * * *
You are splashed with acid.
You die...

#....# .# #...<# .#
#######....####.#
.............#..#
.#..............#
......<.........#.##
.#.#................
#.#.##.#Z##.##.#.#
...)....J@55..#.#
.#.#.##.####Z## #
.... ...#...........
...#.#######..##.###
.. # #..# # ....
.o... ..... o......


You could see a jelly, a white imp (ally target), a centaur zombie, an adder
skeleton and a friendly crimson imp (summoned).

Vanquished Creatures
  An ogre (D:4)
  A hound (D:4)
  An orc priest (D:5)
  A centaur skeleton (D:4)
  An orc wizard (D:4)
  A howler monkey skeleton (D:4)
  2 adders
  A dart slug (D:4)
  9 orcs
  2 ball pythons
  5 bats
  7 endoplasms
  5 hobgoblins
  2 jackals (D:2)
  3 kobolds
  2 quokkas (D:4)
  A frilled lizard (D:3)
  7 goblins
  3 rats
55 creatures vanquished.

Vanquished Creatures (collateral kills)
  3 gnolls (D:3)
  2 adders (D:4)
  A worm (D:4)
  5 orcs (D:4)
  An endoplasm (D:4)
  2 quokkas (D:4)
  2 ball pythons (D:1)
  A kobold (D:4)
17 creatures vanquished.

Vanquished Creatures (others)
  An orc priest (D:5)
  5 plants
6 creatures vanquished.

Grand Total: 78 creatures vanquished

Notes
Turn   | Place    | Note
-------+----------+-------------------------------------------
     0 | D:1      | croobank the Octopode Summoner began the quest for the Orb.
     0 | D:1      | Reached XP level 1. HP: 11/11 MP: 3/3
   583 | D:1      | Reached XP level 2. HP: 17/17 MP: 1/5
   586 | D:1      | Learned a level 2 spell: Call Imp
  1376 | D:2      | Reached XP level 3. HP: 19/21 MP: 6/6
  1380 | D:2      | Learned a level 3 spell: Call Canine Familiar
  1716 | D:4      | Noticed an ogre
  1939 | D:3      | Found a faded altar of an unknown god.
  1962 | D:3      | Found a broken altar of Ashenzari.
  1962 | D:3      | Found a shadowy altar of Dithmenos.
  1968 | D:3      | Found a glowing golden altar of the Shining One.
  1970 | D:3      | Became a worshipper of Ashenzari the Shackled
  1974 | D:3      | Found a burning altar of Makhleb.
  1976 | D:3      | Found a shimmering altar of Xom.
  2558 | D:3      | Reached XP level 4. HP: 27/27 MP: 3/7
  2841 | D:4      | HP: 1/27 [ogre (8)]
  2853 | D:4      | Killed an ogre
  2854 | D:4      | Reached XP level 5. HP: 14/31 MP: 6/9
  3522 | D:4      | Learned a level 3 spell: Summon Guardian Golem
  3537 | D:4      | Reached skill level 5 in Summonings
  3537 | D:4      | Reached XP level 6. HP: 23/36 MP: 11/11
  3539 | D:4      | Learned a level 1 spell: Slow
  3705 | D:4      | Reached skill level 5 in Stealth
  4043 | D:4      | Reached * piety under Ashenzari
  4249 | D:5      | Entered Level 5 of the Dungeon
  4262 | D:5      | Learned a level 3 spell: Confusing Touch
  4309 | D:5      | Splashed by a jelly's acid

Illustrated notes

Levels and vault maps discovered:
D:1:      tarquinn_simple_flora_water_a, layout_basic, palyth_stone_intersect
D:2:      layout_basic, serial_bayou_lake_a
D:3:      layout_basic, chequers_temple_overflow_minitemple,
          shapermc_ecumenical_altar_acropolis
D:4:      minmay_polygon_palace, layout_basic
D:5:      layout_basic, yredelemnul_forgotten_temple_becter,
          grunt_gozag_statues, ebering_ghost_reflecting_pool, serial_park_tiny_1

Skill      XL: |  1  2  3  4  5  6 |
---------------+-------------------+-----
Stealth        | 3 4 5 |  5.4
Dodging        | 3 |  3.8
Spellcasting   | 3 |  3.6
Summonings     | 5 |  5.2

Action                   |  1- 3 |  4- 6 || total
-------------------------+-------+-------++-------
Melee: Hand axe          |    66 |     2 ||    68
       Unarmed           |     7 |       ||     7
       Constrict         |    15 |    15 ||    30
       Tentacles         |    12 |    16 ||    28
       Punch             |     1 |     1 ||     2
       Flail             |       |    57 ||    57
Throw: Javelin           |     3 |     1 ||     4
 Cast: Summon Small Mamm |     7 |    13 ||    20
       Call Imp          |     1 |     3 ||     4
       Call Canine Famil |       |     5 ||     5
       Summon Guardian G |       |     2 ||     2
Invok: Curse Item        |       |     2 ||     2
  Use: Potion            |       |     3 ||     3
 Stab: Sleeping          |     9 |     8 ||    17
       Distracted        |     1 |     1 ||     2
Armor: Skin              |     8 |     2 ||    10
Dodge: Dodged            |    52 |    60 ||   112

Table legend: (Time is in decaauts)
 A = Elapsed time spent in this place.
 B = Non-inter-level travel time spent in this place.
 C = Inter-level travel time spent in this place.
 D = Time resting spent in this place.
 E = Time spent auto-exploring this place.
 F = Levels seen in this place.
 G = Mean time per level.
                   A        B        C        D        E       F      G
               +--------+--------+--------+--------+--------+-----+--------+
         Total |   4351 |   4265 |     86 |    542 |   2737 |   5 |  870.2 |
       Dungeon |   4351 |   4265 |     86 |    542 |   2737 |   5 |  870.2 |
               +--------+--------+--------+--------+--------+-----+--------+

Top non-repeatable levels by time:
     D:4: 1485 daAuts
     D:3: 1051 daAuts
     D:1: 978 daAuts
     D:2: 775 daAuts
     D:5: 61 daAuts
